 Dungeon Crawl Stone Soup version 0.28.0-45-g0d030f2227 (webtiles) character file.

Game seed: 10415004841069632014

133 DasRunzen the Ducker (level 5, -9/38 HPs)
             Began as a Djinni Fire Elementalist on Mar 31, 2022.
             Killed by divine providence
             ... invoked by an orc priest
              (12 damage)
             ... on level 3 of the Dungeon.
             The game lasted 00:03:47 (3984 turns).

DasRunzen the Ducker (Djinni Fire Elementalist)     Turns: 3984, Time: 00:03:48

Health: -9/38      AC:  4    Str:  7    XL:     5   Next: 39%
Gold:   137        EV: 13    Int: 18    God:
                   SH:  0    Dex: 14

rFire   + + .      SeeInvis .   e - staff of cold
rCold   . . .      Faith    .   (no shield)
rNeg    . . .      Spirit   .   a - +0 robe
rPois   ∞          Reflect  .   (no helmet)
rElec   .          Harm     .   (no cloak)
rCorr   .          Rampage  .   d - +1 pair of gloves
Will    .....                   (boots unavailable)
Stlth   ++........              (no amulet)
HPRegen 0.12/turn               f - ring of wizardry
MPRegen 0.00/turn               (no ring)

@: flying
A: sickness immunity, fire resistance 2, cold vulnerability 1, float, innate
caster, HP casting, extra vitality 1
a: no special abilities


You were on level 3 of the Dungeon.
You visited 1 branch of the dungeon, and saw 3 of its levels.

You collected 137 gold pieces.

Inventory:

Armour
 a - a +0 robe (worn)
 d - a +1 pair of gloves (worn)
Magical Staves
 e - a staff of cold (weapon)
Jewellery
 f - a ring of wizardry (left hand)
Scrolls
 c - a scroll of brand weapon
 h - a scroll of identify {unknown}
 i - a scroll of teleportation {unknown}
Potions
 b - a potion of mutation {unknown}
 g - 2 potions of brilliance {unknown}


   Skills:
 + Level 2.0 Fighting
 + Level 2.1 Armour
 + Level 3.3 Dodging
 - Level 1.5 Stealth
 + Level 3.0 Spellcasting


You couldn't memorise any spells.
You knew the following spells:

 Your Spells              Type           Power      Damage    Failure   Level
a - Foxfire               Conj/Fire      52%        2x1d6     1%          1
b - Scorch                Fire           26%        2d6       2%          2
c - Conjure Flame         Conj/Fire      13%        6-21      6%          3
d - Inner Flame           Hex/Fire       13%        N/A       6%          3
e - Flame Wave            Conj/Fire      13%        2d6       17%         4
f - Animate Skeleton      Necr           26%        N/A       1%          1
g - Call Imp              Summ           13%        N/A       2%          2
Your spell library was empty.

Dungeon Overview and Level Annotations

Branches:
Dungeon (3/15)

Altars:


Innate Abilities, Weirdness & Mutations

You are immune to sickness and miasma.
You are immune to poison.
Your flesh is very heat resistant. (rF++)
You are vulnerable to cold. (rC-)
You float through the air rather than walking.
You learn spells naturally, not from books.
Your magical power is your life essence.
You have superior vitality. (+4 MHP)


Message History

You kill the orc!
You conjure some foxfire!
The foxfire hits the orc.
The orc is moderately wounded.
An orc priest comes into view. It is wielding a +0 whip.
You conjure some foxfire!
The foxfire hits the orc.
The orc is almost dead.
Your foxfire dissipates!
There is not enough space to conjure foxfire!
There is not enough space to conjure foxfire!
Your foxfire dissipates!
The foxfire hits the orc but does no damage.
The orc is almost dead.
The foxfire hits the orc.
You kill the orc!
You conjure some foxfire!
You conjure some foxfire!
The foxfire hits the orc wizard but does no damage.
The orc priest calls down the wrath of Beogh upon you.
Beogh smites you!
The foxfire hits the orc wizard.
The orc wizard is lightly wounded.
You are too injured to fight recklessly!
Unknown command.
You are too injured to fight recklessly!
The foxfire hits the orc wizard.
The orc wizard is heavily wounded.
The foxfire hits the orc wizard but does no damage.
The orc wizard is heavily wounded.
The orc priest looks braver for a moment.
The orc wizard gestures at you while chanting.
The magic dart hits you!
* * * LOW HITPOINT WARNING * * *
The orc wizard casts a spell at you. The magic dart hits you!
* * * LOW HITPOINT WARNING * * *
You see here a +0 scale mail.
The orc wizard gestures at you while chanting.
The puff of flame hits you but does no damage.
The orc priest invokes the aid of Beogh against you.
Beogh smites you!
You die...

... #....... ##......##.#...##
.##..##..............# # ........
..#.##.#...# # .......
...........## . # #. #..##.#
#.#.##.#..#.. # .#. #.# #..##.#
#.#.##.#..#.. ###..#.##.###..##<#
#.#.##.#.....
...)............@.###.#.##.#..#..
).)........................#..#..
# #..# #.###..#..##.............
# #..####.###[.#.........#.#.####
# #........oo....................
####.####.##...#..###.#..#.#.#...
...............#..###.#..#.#.#...
####.#.o.........................
###...............###.#..#.#.####


You could see an orc priest and an orc wizard.

Vanquished Creatures
  Terence (D:2)
  4 adders
  A worm (D:2)
  3 dart slugs
  4 orcs (D:3)
  3 ball pythons
  4 endoplasms
  4 giant cockroaches
  3 goblins (D:2)
  5 hobgoblins
  A quokka (D:3)
  11 bats
  4 frilled lizards
  6 kobolds
  2 rats (D:1)
56 creatures vanquished.

Vanquished Creatures (others)
  280 foxfires
280 creatures vanquished.

Grand Total: 336 creatures vanquished

Notes
Turn   | Place    | Note
-------+----------+-------------------------------------------
     0 | D:1      | DasRunzen the Djinni Fire Elementalist began the quest for
                  | the Orb.
     0 | D:1      | Reached XP level 1. HP: 15/15 MP: 0/0
   288 | D:1      | Reached XP level 2. HP: 16/22 MP: 0/0
  1039 | D:1      | Reached XP level 3. HP: 22/26 MP: 0/0
  1039 | D:1      | Learned a level 1 spell: Animate Skeleton
  1527 | D:2      | Reached skill level 1 in Armour
  1528 | D:2      | Reached skill level 1 in Fighting
  1879 | D:2      | Reached XP level 4. HP: 25/32 MP: 0/0
  2375 | D:2      | Noticed Terence
  2384 | D:2      | Killed Terence
  3055 | D:3      | Reached XP level 5. HP: 33/38 MP: 0/0
  3055 | D:3      | Learned a level 2 spell: Call Imp
  3984 | D:3      | Killed from afar by an orc priest

Illustrated notes

Levels and vault maps discovered:
D:1:      dpeg_arrival_arbitrary_b, layout_basic, minmay_misc_feat_cross,
          minmay_misc_feat_enclosed
D:2:      layout_loops_ring, uniq_terence
D:3:      layout_basic

Skill      XL: |  1  2  3  4  5 |
---------------+----------------+-----
Armour         | 1 2 |  2.1
Fighting       | 1 2 |  2.0
Dodging        | 3 |  3.3
Spellcasting   | 3 |  3.0
Stealth        | |  1.5

Action                   |  1- 3 |  4- 6 || total
-------------------------+-------+-------++-------
 Cast: Foxfire           |    80 |   108 ||   188
       Scorch            |     1 |     6 ||     7
  Use: Scroll            |     2 |     2 ||     4
Armor: Robe              |     4 |     2 ||     6
Dodge: Dodged            |    11 |     2 ||    13
